TOP OF THE 1ST |
Notre Dame Fighting Irish batting - Pitching for Virginia Tech Hokies : RHP Joel Bailey
|
Pitching: RHP Joel Bailey
|
|
Batting: SHB Carlos Ramírez
|
0-0: Foul Ball, location: 2F 0-1: Foul Ball, location: 2F 0-2: Ball 1-2: Ground out 6-3 (Groundball, 6M)
|
Batting: SHB Ron Estes
|
0-0: Ball 1-0: SINGLE (Flyball, 8RS)
|
Batting: SHB Ken Austin
|
0-0: Called Strike 0-1: Foul Ball, location: 2F 0-2: Ball 1-2: Strikes out swinging
|
Batting: LHB Ramón García
|
0-0: Foul Ball, location: 2F 0-1: Foul Ball, location: 2F 0-2: Strikes out looking
|
Top of the 1st over - 0 run(s), 1 hit(s), 0 error(s), 1 left on base; Notre Dame 0 - Virginia Tech 0 |
BOTTOM OF THE 1ST |
Virginia Tech Hokies batting - Pitching for Notre Dame Fighting Irish : LHP Joe Barnes
|
Pitching: LHP Joe Barnes
|
|
Batting: RHB Doug Hunt
|
0-0: Ball 1-0: Ball 2-0: Ball 3-0: Called Strike 3-1: SINGLE (Flyball, 8LM)
|
Batting: RHB George Clarke
|
0-0: Ball 1-0: Foul Ball, location: 2F 1-1: SINGLE (Line Drive, 9S) Doug Hunt to second Runner from 2nd tries for 3rd, SAFE, no throw or cutoff
|
Batting: RHB Kenny Pruitt
|
0-0: Foul Ball, location: 2F 0-1: Swinging Strike 0-2: Ball 1-2: Strikes out looking
|
Batting: RHB George Martin
|
0-0: Ball 1-0: Foul Ball, location: 2F 1-1: Ball 2-1: Fly out, F9 (Flyball, 89S)
|
Batting: LHB Nick Moss
|
0-0: Foul Ball, location: 2F 0-1: Ball 1-1: Foul Ball, location: 2F 1-2: Strikes out looking
|
Bottom of the 1st over - 0 run(s), 2 hit(s), 0 error(s), 2 left on base; Notre Dame 0 - Virginia Tech 0 |
TOP OF THE 2ND |
Notre Dame Fighting Irish batting - Pitching for Virginia Tech Hokies : RHP Joel Bailey
|
Batting: LHB Lou Goeble
|
0-0: Fly out, F4 (Popup, 4D)
|
Batting: RHB Jeff Christian
|
0-0: Called Strike 0-1: Foul Ball, location: 2F 0-2: Fly out, F8 (Flyball, 8LM)
|
Batting: RHB Lee Scott
|
0-0: Called Strike 0-1: Ball 1-1: Ball 2-1: Foul Ball, location: 2F 2-2: Ground out 6-3 (Groundball, 6D)
|
Top of the 2nd over - 0 run(s), 0 hit(s), 0 error(s), 0 left on base; Notre Dame 0 - Virginia Tech 0 |
BOTTOM OF THE 2ND |
Virginia Tech Hokies batting - Pitching for Notre Dame Fighting Irish : LHP Joe Barnes
|
Batting: RHB Lawrence Ware
|
0-0: Ball 1-0: Fly out, F8 (Flyball, 8LXD)
|
Now in CF: Silas Small
|
|
Batting: RHB Manuel Cervantes
|
0-0: Swinging Strike 0-1: Ball 1-1: Ball 2-1: Fly out, F7 (Line Drive, 7M)
|
Batting: RHB Francisco Medina
|
0-0: Swinging Strike 0-1: Swinging Strike 0-2: Strikes out swinging
|
Bottom of the 2nd over - 0 run(s), 0 hit(s), 0 error(s), 0 left on base; Notre Dame 0 - Virginia Tech 0 |
TOP OF THE 3RD |
Notre Dame Fighting Irish batting - Pitching for Virginia Tech Hokies : RHP Joel Bailey
|
Batting: RHB Isaac Ridings
|
0-0: Ball 1-0: Called Strike 1-1: Foul Ball, location: 2F 1-2: Ball 2-2: Ball 3-2: Base on Balls
|
Batting: RHB Mike Thompson
|
0-0: Called Strike 0-1: Foul Ball, location: 2F 0-2: Fly out, F9 (Flyball, 9M)
|
Batting: SHB Carlos Ramírez
|
0-0: Fly out, F8 (Flyball, 8RM)
|
Batting: SHB Ron Estes
|
0-0: Ball 1-0: Called Strike 1-1: Called Strike 1-2: Foul Ball, location: 2F 1-2: Foul Ball, location: 2F 1-2: Foul Ball, location: 2F 1-2: Ball 2-2: Ball 3-2: Foul Ball, location: 2F 3-2: Base on Balls Isaac Ridings to second
|
Batting: SHB Ken Austin
|
0-0: Called Strike 0-1: Foul Ball, location: 2F 0-2: Foul Ball, location: 2F 0-2: Ball 1-2: Ground out 5-3 (Groundball, 56)
|
Top of the 3rd over - 0 run(s), 0 hit(s), 0 error(s), 2 left on base; Notre Dame 0 - Virginia Tech 0 |
BOTTOM OF THE 3RD |
Virginia Tech Hokies batting - Pitching for Notre Dame Fighting Irish : LHP Joe Barnes
|
Batting: RHB Juan Ventura
|
0-0: Swinging Strike 0-1: Fly out, F9 (Line Drive, 89M)
|
Batting: RHB Doug Hunt
|
0-0: Ball 1-0: Ball 2-0: Foul Ball, location: 2F 2-1: Ground out 6-3 (Groundball, 6M)
|
Batting: RHB George Clarke
|
0-0: Called Strike 0-1: SINGLE (Groundball, 56D)
|
Batting: RHB Kenny Pruitt
|
0-0: Ball 1-0: Ball 2-0: Ball 3-0: Called Strike 3-1: Base on Balls George Clarke to second
|
Batting: RHB George Martin
|
0-0: SINGLE (Line Drive, 7LS) George Clarke to third Kenny Pruitt to second Runner from 3rd tries for Home, SAFE, no throw or cutoff
|
Batting: LHB Nick Moss
|
0-0: Ball 1-0: Ball 2-0: Ground out 4-3 (Groundball, 4)
|
Bottom of the 3rd over - 1 run(s), 2 hit(s), 0 error(s), 2 left on base; Notre Dame 0 - Virginia Tech 1 |
TOP OF THE 4TH |
Notre Dame Fighting Irish batting - Pitching for Virginia Tech Hokies : RHP Joel Bailey
|
Batting: LHB Ramón García
|
0-0: SINGLE (Groundball, 34)
|
Batting: LHB Lou Goeble
|
0-0: Ball 1-0: Fly out, F8 (Line Drive, 8LM)
|
Batting: RHB Jeff Christian
|
0-0: Called Strike 0-1: Fielders Choice at 2nd, 6-4 (Groundball, 6)
|
Batting: RHB Silas Small
|
0-0: Foul Ball, location: 2F 0-1: Ball 1-1: Called Strike 1-2: Foul Ball, location: 2F 1-2: Ball 2-2: Ball 3-2: Ground out 6-3 (Groundball, 6M)
|
Top of the 4th over - 0 run(s), 1 hit(s), 0 error(s), 1 left on base; Notre Dame 0 - Virginia Tech 1 |
BOTTOM OF THE 4TH |
Virginia Tech Hokies batting - Pitching for Notre Dame Fighting Irish : LHP Joe Barnes
|
Batting: RHB Lawrence Ware
|
0-0: Fly out, F8 (Flyball, 8RM)
|
Batting: RHB Manuel Cervantes
|
0-0: Called Strike 0-1: Ball 1-1: Swinging Strike 1-2: Strikes out looking
|
Batting: RHB Francisco Medina
|
0-0: Ball 1-0: Ground out 4-3 (Groundball, 4M)
|
Bottom of the 4th over - 0 run(s), 0 hit(s), 0 error(s), 0 left on base; Notre Dame 0 - Virginia Tech 1 |
TOP OF THE 5TH |
Notre Dame Fighting Irish batting - Pitching for Virginia Tech Hokies : RHP Joel Bailey
|
Batting: RHB Isaac Ridings
|
0-0: Swinging Strike 0-1: Called Strike 0-2: Ball 1-2: Foul Ball, location: 2F 1-2: Ball 2-2: Foul Ball, location: 2F 2-2: Strikes out looking
|
Batting: RHB Mike Thompson
|
0-0: Ground out U3 (Groundball, 3S)
|
Batting: SHB Carlos Ramírez
|
0-0: SINGLE (Line Drive, 89M)
|
Batting: SHB Ron Estes
|
0-0: SINGLE (Groundball, 4M) Carlos Ramírez to second Throwing error, E8 Carlos Ramírez scores Ron Estes to second
|
Batting: SHB Ken Austin
|
0-0: Called Strike 0-1: Fly out, F7 (Line Drive, 7M)
|
Top of the 5th over - 1 run(s), 2 hit(s), 1 error(s), 1 left on base; Notre Dame 1 - Virginia Tech 1 |
BOTTOM OF THE 5TH |
Virginia Tech Hokies batting - Pitching for Notre Dame Fighting Irish : LHP Joe Barnes
|
Batting: RHB Juan Ventura
|
0-0: Ball 1-0: Ball 2-0: Foul Ball, location: 2F 2-1: Swinging Strike 2-2: Ball 3-2: Base on Balls
|
Batting: RHB Doug Hunt
|
0-0: Reached on error, E5 (Groundball, 5) Juan Ventura to second
|
Batting: RHB George Clarke
|
0-0: Foul Ball, location: 2F 0-1: Grounds into double play, 6-4-3 (Groundball, 6) Juan Ventura to third
|
Batting: RHB Kenny Pruitt
|
0-0: Ball 1-0: Ball 2-0: Called Strike 2-1: Swinging Strike 2-2: Strikes out swinging
|
Bottom of the 5th over - 0 run(s), 0 hit(s), 1 error(s), 1 left on base; Notre Dame 1 - Virginia Tech 1 |
TOP OF THE 6TH |
Notre Dame Fighting Irish batting - Pitching for Virginia Tech Hokies : RHP Joel Bailey
|
Batting: LHB Ramón García
|
0-0: Fly out, F8 (Flyball, 8LM)
|
Batting: LHB Lou Goeble
|
0-0: Ball 1-0: Ground out 6-3 (Groundball, 6)
|
Batting: RHB Jeff Christian
|
0-0: Called Strike 0-1: Foul Ball, location: 2F 0-2: Ball 1-2: Ball 2-2: Ball 3-2: Strikes out swinging
|
Top of the 6th over - 0 run(s), 0 hit(s), 0 error(s), 0 left on base; Notre Dame 1 - Virginia Tech 1 |
BOTTOM OF THE 6TH |
Virginia Tech Hokies batting - Pitching for Notre Dame Fighting Irish : LHP Joe Barnes
|
Batting: RHB George Martin
|
0-0: Called Strike 0-1: Ball 1-1: Foul Ball, location: 2F 1-2: Foul Ball, location: 2F 1-2: Strikes out swinging
|
Batting: LHB Nick Moss
|
0-0: Ball 1-0: Swinging Strike 1-1: Called Strike 1-2: Ball 2-2: Strikes out swinging
|
Batting: RHB Lawrence Ware
|
0-0: Called Strike 0-1: Ball 1-1: DOUBLE (Flyball, 78XD)
|
Pitching: RHP Chris Martin
|
|
Batting: RHB Manuel Cervantes
|
0-0: Ball 1-0: Swinging Strike 1-1: Ball 2-1: Ball 3-1: Foul Ball, location: 2F 3-2: Base on Balls
|
Batting: RHB Francisco Medina
|
0-0: Ground out 1-3 (Groundball, 13S)
|
Bottom of the 6th over - 0 run(s), 1 hit(s), 0 error(s), 2 left on base; Notre Dame 1 - Virginia Tech 1 |
TOP OF THE 7TH |
Notre Dame Fighting Irish batting - Pitching for Virginia Tech Hokies : RHP Joel Bailey
|
Pitching: RHP Markus Flanagan
|
|
Batting: RHB Silas Small
|
0-0: Called Strike 0-1: Ball 1-1: Ground out 6-3 (Groundball, 6)
|
Batting: RHB Isaac Ridings
|
0-0: Ball 1-0: Ball 2-0: Called Strike 2-1: Ball 3-1: Swinging Strike 3-2: Strikes out swinging
|
Batting: RHB Mike Thompson
|
0-0: Called Strike 0-1: Foul Ball, location: 2F 0-2: Foul Ball, location: 2F 0-2: Ball 1-2: Ball 2-2: Foul Ball, location: 2F 2-2: Ball 3-2: Foul Ball, location: 2F 3-2: Strikes out looking
|
Top of the 7th over - 0 run(s), 0 hit(s), 0 error(s), 0 left on base; Notre Dame 1 - Virginia Tech 1 |
BOTTOM OF THE 7TH |
Virginia Tech Hokies batting - Pitching for Notre Dame Fighting Irish : RHP Chris Martin
|
Batting: RHB Juan Ventura
|
0-0: Called Strike 0-1: Swinging Strike 0-2: Ball 1-2: Fly out, F9 (Line Drive, 89D)
|
Batting: RHB Doug Hunt
|
0-0: Foul Ball, location: 2F 0-1: Ball 1-1: Swinging Strike 1-2: Strikes out swinging
|
Batting: RHB George Clarke
|
0-0: Ball 1-0: Called Strike 1-1: Ball 2-1: Foul Ball, location: 2F 2-2: Strikes out swinging
|
Bottom of the 7th over - 0 run(s), 0 hit(s), 0 error(s), 0 left on base; Notre Dame 1 - Virginia Tech 1 |
TOP OF THE 8TH |
Notre Dame Fighting Irish batting - Pitching for Virginia Tech Hokies : RHP Markus Flanagan
|
Batting: SHB Carlos Ramírez
|
0-0: Ground out 6-3 (Groundball, 6D)
|
Batting: SHB Ron Estes
|
0-0: Ball 1-0: Called Strike 1-1: Fly out, F7 (Popup, 7S)
|
Batting: SHB Ken Austin
|
0-0: Called Strike 0-1: Swinging Strike 0-2: Ball 1-2: Ball 2-2: Strikes out swinging
|
Top of the 8th over - 0 run(s), 0 hit(s), 0 error(s), 0 left on base; Notre Dame 1 - Virginia Tech 1 |
BOTTOM OF THE 8TH |
Virginia Tech Hokies batting - Pitching for Notre Dame Fighting Irish : RHP Chris Martin
|
Batting: RHB Kenny Pruitt
|
0-0: Called Strike 0-1: Ball 1-1: Ball 2-1: Ball 3-1: Swinging Strike 3-2: Strikes out swinging
|
Batting: RHB George Martin
|
0-0: Ball 1-0: Ball 2-0: Called Strike 2-1: Ball 3-1: Foul Ball, location: 2F 3-2: Strikes out swinging
|
Batting: LHB Nick Moss
|
0-0: Ball 1-0: Foul Ball, location: 2F 1-1: Called Strike 1-2: Foul Ball, location: 2F 1-2: SINGLE (Groundball, 56D)
|
Batting: RHB Lawrence Ware
|
0-0: Swinging Strike 0-1: Ball 1-1: Called Strike 1-2: Fly out, F8 (Flyball, 8RM)
|
Bottom of the 8th over - 0 run(s), 1 hit(s), 0 error(s), 1 left on base; Notre Dame 1 - Virginia Tech 1 |
TOP OF THE 9TH |
Notre Dame Fighting Irish batting - Pitching for Virginia Tech Hokies : RHP Markus Flanagan
|
Pitching: RHP Héctor Gonzáles
|
|
Batting: LHB Ramón García
|
0-0: Foul Ball, location: 2F 0-1: Ball 1-1: Called Strike 1-2: Ball 2-2: Strikes out swinging
|
Batting: LHB Lou Goeble
|
0-0: Ball 1-0: SINGLE (Line Drive, 4MD)
|
Batting: RHB Jeff Christian
|
0-0: Grounds into double play, 4-6-3 (Groundball, 4)
|
Top of the 9th over - 0 run(s), 1 hit(s), 0 error(s), 0 left on base; Notre Dame 1 - Virginia Tech 1 |
BOTTOM OF THE 9TH |
Virginia Tech Hokies batting - Pitching for Notre Dame Fighting Irish : RHP Chris Martin
|
Batting: RHB Manuel Cervantes
|
0-0: Swinging Strike 0-1: Called Strike 0-2: Strikes out swinging
|
Batting: RHB Francisco Medina
|
0-0: Ball 1-0: Foul Ball, location: 2F 1-1: Ball 2-1: Fly out, F7 (Flyball, 7M)
|
Batting: RHB Juan Ventura
|
0-0: Ball 1-0: Ball 2-0: Swinging Strike 2-1: SINGLE (Groundball, 4D)
|
Pitching: LHP Jeremy Winston
|
|
Batting: RHB Doug Hunt
|
0-0: Ball 1-0: Ball 2-0: Foul Ball, location: 2F 2-1: Ball 3-1: Ground out 1-3 (Groundball, 13)
|
Bottom of the 9th over - 0 run(s), 1 hit(s), 0 error(s), 1 left on base; Notre Dame 1 - Virginia Tech 1 |
TOP OF THE 10TH |
Notre Dame Fighting Irish batting - Pitching for Virginia Tech Hokies : RHP Héctor Gonzáles
|
Batting: RHB Silas Small
|
0-0: Ball 1-0: Called Strike 1-1: Ball 2-1: Foul Ball, location: 2F 2-2: Foul Ball, location: 2F 2-2: Fly out, F9 (Flyball, 9M)
|
Batting: RHB Isaac Ridings
|
0-0: Foul Ball, location: 2F 0-1: Called Strike 0-2: Ball 1-2: Strikes out swinging
|
Batting: RHB Mike Thompson
|
0-0: Foul Ball, location: 2F 0-1: Ball 1-1: Foul Ball, location: 2F 1-2: Strikes out looking
|
Top of the 10th over - 0 run(s), 0 hit(s), 0 error(s), 0 left on base; Notre Dame 1 - Virginia Tech 1 |
BOTTOM OF THE 10TH |
Virginia Tech Hokies batting - Pitching for Notre Dame Fighting Irish : LHP Jeremy Winston
|
Batting: RHB George Clarke
|
0-0: Called Strike 0-1: Swinging Strike 0-2: Foul Ball, location: 2F 0-2: Strikes out swinging
|
Batting: RHB Kenny Pruitt
|
0-0: Foul Ball, location: 2F 0-1: Foul Ball, location: 2F 0-2: Ball 1-2: Foul Ball, location: 2F 1-2: Ball 2-2: Ball 3-2: Strikes out swinging
|
Batting: RHB George Martin
|
0-0: Ball 1-0: Called Strike 1-1: Foul Ball, location: 2F 1-2: Ball 2-2: Strikes out swinging
|
Bottom of the 10th over - 0 run(s), 0 hit(s), 0 error(s), 0 left on base; Notre Dame 1 - Virginia Tech 1 |
TOP OF THE 11TH |
Notre Dame Fighting Irish batting - Pitching for Virginia Tech Hokies : RHP Héctor Gonzáles
|
Pitching: RHP Will Wallace
|
|
Batting: SHB Carlos Ramírez
|
0-0: Fly out, F8 (Flyball, 8LM)
|
Batting: SHB Ron Estes
|
0-0: Ball 1-0: Ball 2-0: Swinging Strike 2-1: Swinging Strike 2-2: Strikes out swinging
|
Batting: SHB Ken Austin
|
0-0: Ball 1-0: Ball 2-0: Ball 3-0: Base on Balls
|
Batting: LHB Ramón García
|
0-0: Ball 1-0: Ball 2-0: Called Strike 2-1: Ball 3-1: Called Strike 3-2: Strikes out swinging
|
Top of the 11th over - 0 run(s), 0 hit(s), 0 error(s), 1 left on base; Notre Dame 1 - Virginia Tech 1 |
BOTTOM OF THE 11TH |
Virginia Tech Hokies batting - Pitching for Notre Dame Fighting Irish : LHP Jeremy Winston
|
Batting: LHB Nick Moss
|
0-0: Called Strike 0-1: Swinging Strike 0-2: SINGLE (Groundball, 4M)
|
Batting: RHB Lawrence Ware
|
0-0: Ball Throwing error on steal attempt, E2 Nick Moss to third 1-0: Swinging Strike 1-1: Foul Ball, location: 2F 1-2: Strikes out looking
|
Batting: RHB Manuel Cervantes
|
0-0: Intentional Walk
|
Batting: RHB Francisco Medina
|
0-0: Ball 1-0: Ground out 3-1 (Groundball, 34) Manuel Cervantes to second
|
Batting: RHB Juan Ventura
|
0-0: Foul Ball, location: 2F 0-1: SINGLE (Line Drive, 9S) Nick Moss scores
|
Monday, December 5th, 2016 - OOTP Baseball 17.12 Build 75
|
|